 Dungeon Crawl Stone Soup version 0.21.1-1-g345015f (webtiles) character file.

21 raistware the Magician (level 2, 0/19 HPs)
             Began as a Mummy Wizard on Apr 4, 2018.
             Slain by a jackal (2 damage)
             ... on level 1 of the Dungeon.
             The game lasted 00:02:25 (747 turns).

raistware the Magician (Mummy Wizard)                Turns: 747, Time: 00:02:26

Health: 0/19       AC:  2    Str: 10    XL:     2   Next: 62%
Magic:  0/7        EV: 12    Int: 17    God:
Gold:   79         SH:  0    Dex: 10    Spells: 4/9 levels left

rFire    x . .     SeeInvis .   (no weapon)
rCold    + . .     Gourm    .   (no shield)
rNeg     + + +     Faith    .   a - +0 robe
rPois    ∞         Spirit   .   b - +0 hat
rElec    .         Reflect  .   (no cloak)
rCorr    .         Harm     .   (no gloves)
MR       .....                  (no boots)
Stlth    ++........             (no amulet)
HPRegen  0.06/turn              (no ring)
MPRegen  0.10/turn              (no ring)

@: no status effects
A: no food or potions, fire vulnerability, cold resistance 1, negative energy
resistance 3, torment resistance, unbreathing
a: no special abilities


You were on level 1 of the Dungeon.
You were not hungry.

You visited 1 branch of the dungeon, and saw 1 of its levels.

You collected 79 gold pieces.

Inventory:

Armour
 a - a +0 robe (worn)
 b - a +0 hat (worn)
Scrolls
 d - a scroll of remove curse {unknown}
 e - a scroll of immolation {unknown}
 f - a scroll of noise {unknown}
Books
 c - a book of Minor Magic

   Spells                             Type                      Level
   a - Magic Dart                     Conjuration                  1
   b - Blink                          Translocation                2
   c - Call Imp                       Summoning                    2
   d - Slow                           Hexes                        2
   e - Conjure Flame                  Conjuration/Fire             3
   f - Mephitic Cloud                 Conjuration/Poison/Air       3


   Skills:
 - Level 1.5 Dodging
 - Level 1.5 Stealth
 - Level 4.0 Spellcasting
 + Level 2.2 Conjurations
 - Level 0.7 Summonings
 - Level 0.7 Translocations


You had 4 spell levels left.
You knew the following spells:

 Your Spells              Type           Power        Failure   Level  Hunger
a - Magic Dart            Conj           ##..         6%          1    N/A
b - Blink                 Tloc           N/A          19%         2    N/A
c - Call Imp              Summ           #.......     19%         2    N/A

Dungeon Overview and Level Annotations

Branches:
Dungeon (1/15)

Altars:


Innate Abilities, Weirdness & Mutations

You do not eat or drink.
Your flesh is vulnerable to fire.
You are immune to poison.
Your flesh is cold resistant. (rC+)
You are immune to negative energy. (rN+++)
You are immune to unholy pain and torment.
You can survive without breathing.


Message History

The jackal is moderately wounded.
The jackal misses you. The jackal bites you.
* * * LOW HITPOINT WARNING * * *
The jackal bites you.
* * * LOW HITPOINT WARNING * * *
Casting: Magic Dart
Confirm with . or Enter, or press ? or * to list all spells.
Aiming: Magic Dart
Press: ? - help, Shift-Dir - straight line, f/p - jackal
Aim: a jackal (moderately wounded)
The magic dart hits the jackal.
The jackal is almost dead.
The jackal bites you but does no damage.
The jackal barely misses you. The jackal bites you.
* * * LOW HITPOINT WARNING * * *
The jackal bites you but does no damage.
The jackal bites you.
You die...

#.# #.# ######### #..# #.#
#.# #.......# #..#
#######.######.# #.#####.#
#..# ..).........##.#
#.#####.###..#
######.####.##.#
#........†...# #.# #.##.#
#.#####.####.# #.# #.##.#
#.............
#.####.##.#####.############
#.........h@.....#
######.#########.#
#######.###### #.#
#......#.....####.####
#.#####)####.........# #.#
#..###.##.# ##### #.# #..#
#.##.# #.... #.# #..#
#>##.####.### #.# #..#
#.##......#


You could see a jackal.

Vanquished Creatures
  A dart slug (D:1)
  2 bats (D:1)
  3 goblins (D:1)
  2 hobgoblins (D:1)
  3 jackals (D:1)
  2 kobolds (D:1)
  2 rats (D:1)
15 creatures vanquished.

Notes
Turn   | Place    | Note
-------+----------+-------------------------------------------
     0 | D:1      | raistware the Mummy Wizard began the quest for the Orb.
     0 | D:1      | Reached XP level 1. HP: 13/13 MP: 5/5
    56 | D:1      | Reached skill level 1 in Conjurations
   272 | D:1      | Reached XP level 2. HP: 17/19 MP: 0/7
   303 | D:1      | Learned a level 2 spell: Blink
   436 | D:1      | Learned a level 2 spell: Call Imp
   747 | D:1      | Slain by a jackal

Skill      XL: |  1  2 |
---------------+-------+-----
Conjurations   | 1 2 |  2.2
Dodging        | |  1.5
Stealth        | |  1.5
Spellcasting   | |  4.0
Summonings     | |  0.7
Translocations | |  0.7

Action                   || total
-------------------------++-------
Melee: Unarmed           ||    11
 Cast: Magic Dart        ||    40
Armor: Robe              ||     8
Dodge: Dodged            ||    22
